 Seeded DCSS version 0.32-a0-975-g85d4e5bfdb (webtiles) character file.

Game seed: 20240418 (custom seed)

12757 Orlauf the Spear-Bearer (level 11, -1/83 HPs)
             Began as a Demonspawn Gladiator on Apr 18, 2024.
             Was a Priest of Hepliaklqana.
             Slain by a seven-headed hydra (8 damage)
             ... on level 10 of the Dungeon.
             The game lasted 00:16:25 (8267 turns).

Orlauf the Spear-Bearer (Demonspawn Gladiator)      Turns: 8267, Time: 00:16:27

Health: -1/83      AC: 17    Str: 18    XL:     11   Next: 66%
Magic:  19/19      EV:  9    Int: 14    God:    Hepliaklqana [***...]
Gold:   587        SH:  0    Dex: 13    Spells: 10/10 levels left

rFire   . . .        a - +1 trident (freeze)
rCold   . . .        (no shield)
rNeg    + . .        s - +2 scale mail {Will+}
rPois   .            c - +0 helmet
rElec   .            r - +1 cloak
rCorr   +            T - +0 pair of gloves
SInv    .            (no boots)
Will    ++...        u - amulet "Iqotte" {Fly Regen+ rCorr Dex-2} Stlth
                     f - ring "Kewut" {AC+4 Int+5 Slay+2}
HPRegen 1.13/turn    J - ring of Biovopim {rN+ Will+ Slay+4}
MPRegen 0.16/turn

%: no passive effects
@: flying
A: reduced essence, rugged brown scales 1, demonic guardian 3, demonic magic 2
a: Renounce Religion, Recall Ancestor, Ancestor Identity, Transference


You were on level 10 of the Dungeon.
You worshipped Hepliaklqana.
Hepliaklqana was most pleased with you.
You visited 2 branches of the dungeon, and saw 11 of its levels.
You also visited: Ossuary.

You collected 587 gold pieces.

Inventory:

Hand Weapons
 a - a +1 trident of freezing (weapon)
 b - a +0 spear of flaming
 h - a +0 heavy trident
Missiles
 d - 3 throwing nets
 e - a javelin
 j - 21 poisoned darts
 n - 3 silver javelins
Armour
 c - a +0 helmet (worn)
 m - a +8 plate armour of ponderousness
 r - a +1 cloak (worn)
 s - a +2 scale mail of willpower (worn)
 T - a +0 pair of gloves (worn)
Jewellery
 f - the ring "Kewut" (left hand) {AC+4 Int+5 Slay+2}
   (You acquired it on level 1 of the Dungeon)

   [ring of protection]

   AC+4:      It affects your AC (+4).
   Int+5:     It affects your intelligence (+5).
   Slay+2:    It affects your accuracy & damage with ranged weapons and melee
   (+2).
 u - the amulet "Iqotte" (around neck) {Fly Regen+ rCorr Dex-2}
   (You took it off an orc wizard on level 7 of the Dungeon)

   [amulet of regeneration]

   Dex-2:     It affects your dexterity (-2).
   Fly:       It grants you flight.
   Regen+:    It increases your rate of health regeneration.
   rCorr:     It protects you from acid and corrosion.
 v - an amulet of magic regeneration
 x - an amulet of regeneration
 J - the ring of Biovopim (right hand) {rN+ Will+ Slay+4}
   (You found it on level 8 of the Dungeon)

   [ring of positive energy]

   Slay+4:    It affects your accuracy & damage with ranged weapons and melee
   (+4).
   rN+:       It protects you from negative energy.
   Will+:     It increases your willpower.
 L - a +5 ring of evasion
 M - a ring of flight
 P - a ring of resist corrosion
Wands
 l - a wand of warping (14)
 p - a wand of quicksilver (9) (quivered)
 y - a wand of charming (12)
 A - a wand of polymorph (9)
 K - a wand of mindburst (15)
 S - a wand of flame (15)
Scrolls
 z - 4 scrolls of poison
 F - 3 scrolls of immolation
 G - 3 scrolls of revelation
 I - 4 scrolls of teleportation
 N - a scroll of fog
 O - 2 scrolls of fear
 Q - 4 scrolls of identify
 R - a scroll of enchant armour
Potions
 g - a potion of ambrosia
 i - 3 potions of mutation
 k - 3 potions of haste
 o - a potion of resistance
 q - 5 potions of curing
 t - 2 potions of attraction
 w - 3 potions of heal wounds
 B - 2 potions of magic {unknown}
 C - 3 potions of berserk rage
 D - 2 potions of enlightenment {unknown}
 E - 4 potions of cancellation {unknown}
 H - 3 potions of brilliance


   Skills:
 + Level 10.0 Fighting
 * Level 12.8 Polearms
 - Level 1.7 Throwing
 - Level 2.6 Dodging
 + Level 11.3 Invocations


You had 10 spell levels left.
You didn't know any spells.
Your spell library contained the following spells:

 Spells                   Type           Power      Damage    Failure   Level
 Shock                    Conj/Air       0%         1d3       69%         1
 Cigotuvi's Dreadful Rot  Necr/Alch/Air  0%         N/A       83%         2
 Static Discharge         Conj/Air       0%         3-3/arc   83%         2
 Swiftness                Air            0%         N/A       96%         3
 Tukima's Dance           Hex            0%         N/A       96%         3
 Volatile Blastmotes      Fire/Tloc      0%         2d10      96%         3
 Airstrike                Air            0%         2d(0-16)  100%        4
 Animate Dead             Necr           0%         N/A       100%        4
 Dimensional Bullseye     Hex/Tloc       0%         N/A       100%        4
 Dispel Undead            Necr           0%         3d6       100%        4
 Iskenderun's Mystic Bla Conj/Tloc 0%             2d3        (+2d1     100%        4
 Martyr's Knell           Necr/Summ      0%         N/A       100%        4
 Summon Lightning Spire   Summ/Air       0%         N/A       100%        4
 Vhi's Electric Charge    Tloc/Air       0%         N/A       100%        4
 Borgnjor's Vile Clutch   Necr/Erth      0%         N/A       100%        5
 Death Channel            Necr           0%         N/A       100%        6
 Gell's Gavotte           Tloc           0%         2d(11-16) 100%        6


Dungeon Overview and Level Annotations

Branches:
Dungeon (10/15)            Temple (1/1) D:5             Orc (0/2) D:9
Ossuary (visited)
   Lair: D:8-11

Altars:
Ashenzari
Cheibriados
Dithmenos
Fedhas
Gozag
Hepliaklqana
Kikubaaqudgha
Makhleb
Nemelex Xobeh
Okawaru
Qazlal
Ru
Sif Muna
Trog
Uskayaw
Vehumet
Wu Jian
Xom
Yredelemnul

Shops:
D:4 ?   D:7 :


Innate Abilities, Weirdness & Mutations

Your life essence is reduced to manifest your ancestor. (-10% HP)
You are partially covered in rugged brown scales. (AC +1, +3% HP)
A powerful demonic guardian rushes to your aid.
Spells you cast may paralyse nearby enemies.


Message History

You kill the yak!
A troll comes into view.
The yak gores you but does no damage. The seven-headed hydra bites you.
A demonic guardian appears!
The seven-headed hydra bites you but does no damage.
The seven-headed hydra bites you.
The seven-headed hydra bites you but does no damage.
The seven-headed hydra bites you.
The seven-headed hydra bites you but does no damage.
The seven-headed hydra closely misses you.
Your Fighting skill increases to level 10!
The troll shouts!
You puncture the seven-headed hydra! You freeze the seven-headed hydra.
The seven-headed hydra is lightly wounded.
Unknown command.
You puncture the seven-headed hydra! You freeze the seven-headed hydra.
The seven-headed hydra is heavily wounded.
The yak gores you but does no damage. The yak gores you.
The seven-headed hydra bites you but does no damage. x2
The seven-headed hydra misses you.
The seven-headed hydra bites you but does no damage.
The seven-headed hydra bites you!
The seven-headed hydra closely misses you.
The seven-headed hydra bites you!
Your hell beast bites the yak!
Your hell beast tramples the yak.
The yak holds its ground!
Your hell beast bites the yak!
Your hell beast tramples the yak!
The yak holds its ground!
Your hell beast bites the yak!
The yak dies!
The yak attacks as it pursues you! The yak completely misses you.
The seven-headed hydra attacks as it pursues you!
The seven-headed hydra bites you!
* * * LOW HITPOINT WARNING * * *
The seven-headed hydra barely misses you.
The seven-headed hydra bites you!
* * * LOW HITPOINT WARNING * * *
The seven-headed hydra bites you but does no damage.
The seven-headed hydra bites you!
You die...
Hepliaklqana delivers you to your ancestors.

................#.............
.....#.#.#......#.............
................#.............
.....#.#.#......+.........[...
................#..##########.
.....#.#.#..2...#..# #.
.......T....†...#..# #.
.......#....D...#..# #.
.......#....Y@..#..# #.
.......#......<.'..# #.
.Y...h.#........#..# #.
.......##########..# #.
#..Y... ..........# #. #.Yh..#
#........# #####. #.
#........######..... ..
#................... #.
#...................


You could see a seven-headed hydra, a yak, a troll and a friendly hell beast
(summoned).

Vanquished Creatures
  Erica (D:9)
  A death knight (D:9)
  A two-headed ogre (D:10)
  An arcanist (D:9)
  2 cyclopes
  A gargoyle (D:8)
  A troll (D:10)
  6 yaks
  5 steam dragons
  Menkaure (D:5)
  7 orc warriors
  A boggart (D:9)
  3 black bears
  4 ogres
  3 centaurs
  A phantom (D:5)
  A wyvern zombie (D:8)
  2 gnoll sergeants
  3 bullfrogs
  2 scorpions (D:5)
  2 wights
  A wyvern skeleton (D:8)
  11 killer bees
  2 electric eels (D:9)
  4 howler monkeys
  2 centaur zombies (D:8)
  A hound (D:7)
  A human zombie (D:8)
  8 orc priests
  A centaur skeleton (D:8)
  A sleepcap (D:7)
  4 orc wizards
  Ijyb (D:5)
  5 iguanas
  A statue (D:7)
  4 killer bee zombies (D:8)
  A mummy (Ossuary)
  9 adders
  14 gnolls
  3 white imps
  2 ufetubi (D:7)
  2 dart slugs
  A ribbon worm (D:3)
  30 orcs
  6 ball pythons
  8 bats
  10 endoplasms
  6 giant cockroaches
  2 gnoll zombies (Ossuary)
  10 goblins
  10 hobgoblins
  7 jackals
  5 quokkas
  5 frilled lizards (D:1)
  7 kobolds
  3 kobold zombies (Ossuary)
  2 orc zombies (Ossuary)
  7 rats
246 creatures vanquished.

Vanquished Creatures (collateral kills)
  A two-headed ogre (D:9)
  An ugly thing (D:10)
  A troll (D:7)
  7 yaks
  A wyvern (D:9)
  A sky beast (D:7)
  An ogre (D:7)
  A kobold brigand (D:8)
  2 weeping skulls (Ossuary)
  A gnoll sergeant (D:9)
  A bullfrog (D:7)
  4 wights
  6 killer bees
  A howler monkey (D:8)
  An electric eel (D:9)
  A hound (D:7)
  A gnoll bouda (D:8)
  2 iguanas
  A sleepcap (D:6)
  2 orc wizards
  3 mummies (Ossuary)
  6 gnolls
  A shadow imp (D:7)
  An ufetubus (D:6)
  5 orcs
  3 kobolds (D:8)
  An orc zombie (Ossuary)
57 creatures vanquished.

Vanquished Creatures (others)
  4 battlemagi
  An ancestor (D:6)
  An ufetubus (D:6)
6 creatures vanquished.

Grand Total: 309 creatures vanquished

Notes
Turn   | Place    | Note
-------+----------+-------------------------------------------
     0 | D:1      | Orlauf the Demonspawn Gladiator began the quest for the
                  | Orb.
     0 | D:1      | Reached XP level 1. HP: 16/16 MP: 1/1
    16 | D:1      | Reached skill level 3 in Polearms
    67 | D:1      | Gained mutation: You are partially covered in rugged brown
                  | scales. (AC +1, +3% HP) [demonic ancestry]
    67 | D:1      | Reached XP level 2. HP: 16/22 MP: 2/2
   363 | D:1      | Reached XP level 3. HP: 28/28 MP: 3/3
   603 | D:1      | Identified a scroll of acquirement
   603 | D:1      | Acquired the ring "Kewut" {AC+4 Int+5 Slay+2}
   636 | D:2      | Found an iron altar of Okawaru.
   686 | D:2      | You fall into a shaft and drop 1 floor!
   864 | D:2      | Reached skill level 4 in Polearms
   864 | D:2      | Gained mutation: A weak demonic guardian rushes to your
                  | aid. [demonic ancestry]
   864 | D:2      | Reached XP level 4. HP: 30/35 MP: 4/4
  1280 | D:3      | Reached XP level 5. HP: 4/42 MP: 5/5
  1971 | D:4      | Found Ypuaf's Magic Scroll Shoppe.
  2016 | D:4      | Found a burning altar of Makhleb.
  2016 | D:4      | Noticed a balrug
  2062 | D:4      | Reached skill level 5 in Polearms
  2488 | D:4      | Gained mutation: Spells you cast may paralyse adjacent
                  | enemies. [demonic ancestry]
  2488 | D:4      | Reached XP level 6. HP: 38/49 MP: 6/6
  2604 | D:4      | Found a shimmering altar of Xom.
  2707 | D:4      | Found a shimmering blue altar of Sif Muna.
  3000 | D:5      | Entered Level 5 of the Dungeon
  3126 | D:5      | Reached skill level 6 in Polearms
  3172 | D:5      | Found a staircase to the Ecumenical Temple.
  3180 | Temple   | Entered the Ecumenical Temple
  3224 | Temple   | Became a worshipper of Hepliaklqana the Forgotten
  3237 | D:5      | Found a basalt altar of Yredelemnul.
  3254 | D:5      | Reached skill level 1 in Invocations
  3254 | D:5      | Reached XP level 7. HP: 52/56 MP: 7/7
  3438 | D:5      | Reached skill level 5 in Fighting
  3547 | D:5      | Noticed Menkaure
  3555 | D:5      | Killed Menkaure
  3556 | D:5      | Reached skill level 7 in Polearms
  3556 | D:5      | Gained mutation: Spells you cast may paralyse nearby
                  | enemies. [demonic ancestry]
  3556 | D:5      | Reached XP level 8. HP: 45/63 MP: 10/10
  3639 | D:5      | Noticed Ijyb
  3664 | D:5      | Killed Ijyb
  4026 | D:5      | Found an ornate altar of the Wu Jian Council.
  4196 | D:6      | Reached * piety under Hepliaklqana
  4542 | D:6      | Reached skill level 8 in Polearms
  4564 | D:6      | Reached skill level 5 in Invocations
  4710 | D:6      | Found a bloodstained altar of Trog.
  4825 | D:7      | Found Odwargh's Book Shop.
  4894 | D:7      | Found a radiant altar of Vehumet.
  4956 | D:7      | Found a sand-covered staircase.
  4965 | Ossuary  | Entered an ossuary
  4986 | Ossuary  | Reached ** piety under Hepliaklqana
  4992 | Ossuary  | Remembered your ancestor Zafram as a battlemage
  5055 | Ossuary  | Reached XP level 9. HP: 66/66 MP: 13/13
  5343 | D:7      | Noticed a cyclops
  5358 | D:7      | Noticed a troll
  5367 | D:7      | Killed a troll
  5368 | D:7      | Reached skill level 9 in Polearms
  5387 | D:7      | Identified the amulet "Iqotte" {Fly Regen+ rCorr Dex-2}
  5408 | D:7      | Killed a cyclops
  5896 | D:8      | Identified the ring of Biovopim {rN+ Will+ Slay+4}
  5926 | D:8      | Reached skill level 10 in Polearms
  5926 | D:8      | Noticed a gargoyle
  5939 | D:8      | Killed a gargoyle
  6069 | D:8      | Gained mutation: A demonic guardian rushes to your aid.
                  | [demonic ancestry]
  6069 | D:8      | Reached XP level 10. HP: 74/74 MP: 16/16
  6189 | D:8      | Reached *** piety under Hepliaklqana
  6387 | D:8      | Found an ancient bone altar of Kikubaaqudgha.
  6457 | D:8      | Found an opulent altar of Gozag.
  6522 | D:8      | Found a shadowy altar of Dithmenos.
  6522 | D:8      | Found a hide-covered altar of Uskayaw.
  6617 | D:8      | Found a snail-covered altar of Cheibriados.
  6815 | D:9      | Reached skill level 11 in Polearms
  6867 | D:9      | Noticed a two-headed ogre
  6873 | D:9      | Killed a two-headed ogre
  6908 | D:9      | Noticed Erica
  6917 | D:9      | Killed Erica
  6957 | D:9      | Identified the +2 chain mail of the Trees {MP+9 Int+4}
  7097 | D:9      | Noticed an arcanist
  7106 | D:9      | Killed an arcanist
  7107 | D:9      | Reached skill level 10 in Invocations
  7107 | D:9      | Gained mutation: A powerful demonic guardian rushes to your
                  | aid. [demonic ancestry]
  7107 | D:9      | Reached XP level 11. HP: 82/82 MP: 18/18
  7411 | D:9      | Reached skill level 12 in Polearms
  7744 | D:9      | Noticed a death knight
  7761 | D:9      | Killed a death knight
  7911 | D:9      | Found a staircase to the Orcish Mines.
  7983 | D:10     | Entered Level 10 of the Dungeon
  7983 | D:10     | Noticed a white ugly thing
  7989 | D:10     | Killed a white ugly thing
  8099 | D:10     | Noticed a two-headed ogre
  8108 | D:10     | Killed a two-headed ogre
  8248 | D:10     | Noticed a seven-headed hydra
  8264 | D:10     | Reached skill level 10 in Fighting
  8267 | D:10     | Slain by a seven-headed hydra

Illustrated notes

Levels and vault maps discovered:
D:1:      tarquinn_simple_flora_water_e, layout_rooms
D:2:      layout_rooms, basic_altar
D:3:      layout_basic, hex_large, mrwooster_statue_mirror
D:4:      layout_loops_corners, gammafunk_temple_overflow_wave, xom_butterflies,
          makhleb_altar_promises_db, serial_shops, shop, minmay_liquid_box
D:5:      layout_loops_ring, nicolae_wu_jian_immortal_techniques,
          yredelemnul_altar_generic, minmay_temple_entry_mini_moons,
          uniq_menkaure, uniq_ijyb
D:6:      layout_loops_cross, trog_butcher_becter
D:7:      minmay_clustersquares, layout_gridville, vehumet_statue,
          mainiacjoe_ossuary_entry_dusty_tomb, kennysheep_nub,
          minmay_misc_feat_doors, chequers_serial_rivers_room_a,
          nicolae_stop_n_shop_2
D:8:      layout_loops_ring, mainiacjoe_overflow_alcove_2,
          lemuel_mausoleum_altar_kikubaaqudgha,
          gammafunk_temple_overflow_forgotten, mainiacjoe_overflow_alcove_4,
          minmay_unpleasant_kobolds
D:9:      wad_statue_garden, layout_irregular_city, erik_orc_2,
          chequers_serial_rivers_micro_a, uniq_erica
D:10:     lemuel_castle_with_subvaults [lemuel_castle_interior_original],
          layout_irregular_city, serial_glass, glass_columns_a, glass_columns_b,
          hangedman_fish_farm
Temple:   nicolae_temple_two_arcs

Skill      XL: |  1  2  3  4  5  6  7  8  9 10 11 |
---------------+----------------------------------+-----
Polearms       | 3 4 5 6 7 8 10 11 12 | 12.8
Fighting       | 3 4 5 6 7 9 10 | 10.0
Invocations    | 1 3 5 8 10 11 | 11.3
Throwing       | |  1.7
Dodging        | |  2.6

Action                     |  1- 3 |  4- 6 |  7- 9 | 10-12 || total
---------------------------+-------+-------+-------+-------++-------
  Melee: Trident           |   129 |   155 |   325 |   289 ||   898
  Throw: Throwing net      |       |     1 |       |     1 ||     2
 Invoke: Ancestor Life: Ba |       |       |     1 |       ||     1
  Evoke: Wand              |       |       |       |     2 ||     2
    Use: Scroll            |     1 |     8 |     8 |     6 ||    23
         Potion            |       |     1 |       |       ||     1
   Stab: Sleeping          |     1 |       |       |       ||     1
         Distracted        |       |       |     2 |     4 ||     6
         Held in net/web   |       |       |       |     1 ||     1
 Armour: Leather armour    |    77 |     6 |       |       ||    83
         Ring mail         |       |    39 |       |       ||    39
         Chain mail        |       |    10 |       |       ||    10
         Scale mail        |       |    22 |   185 |   218 ||   425
  Dodge: Dodged            |    86 |    55 |    85 |    96 ||   322

Table legend: (Time is in decaauts)
 A = Elapsed time spent in this place.
 B = Non-inter-level travel time spent in this place.
 C = Inter-level travel time spent in this place.
 D = Time resting spent in this place.
 E = Time spent auto-exploring this place.
 F = Levels seen in this place.
 G = Mean time per level.
                   A        B        C        D        E       F      G
               +--------+--------+--------+--------+--------+-----+--------+
         Total |   8177 |   7914 |    263 |    437 |   5417 |  12 |  681.4 |
       Dungeon |   7928 |   7674 |    254 |    437 |   5332 |  10 |  792.8 |
        Temple |     52 |     44 |      8 |      0 |      0 |   1 |   52.0 |
       Ossuary |    195 |    195 |      0 |      0 |     85 |   1 |  195.0 |
               +--------+--------+--------+--------+--------+-----+--------+

Top non-repeatable levels by time:
     D:9: 1241 daAuts
     D:5: 1123 daAuts
     D:4: 1050 daAuts
     D:3: 878 daAuts
     D:7: 839 daAuts
     D:8: 793 daAuts
     D:1: 636 daAuts
     D:6: 633 daAuts
     D:2: 458 daAuts
    D:10: 273 daAuts
 Ossuary: 195 daAuts
  Temple: 52 daAuts
